Hakan, chaotic male elven Ranger ---------- |{.......| #%.o@.....| #|.h..d..<| #-h-------- ########### # # # ### # # --------- # -----.---- |........ # |........-##### |........|[ |........| # ------ |......)(.# |........| ###|....| |.....\..| ---------- #-.*..| --------- |....| ------ Hakan the Trailblazer Experience level: 7 Strength: 14 Dexterity: 13 Constitution: 16 Intelligence: 13 Wisdom: 15 Charisma: 7 Health: 0(46) Energy: 36(36) Def: 6 Gold: 3505 Moves: 4257 Dungeon seed: fscQUPbGIZV7Ln0C Game ID: Hakan_1517669734 Your Inventory: Coins $ - 3505 gold pieces Weapons a - a +1 elven dagger b - a +1 elven bow (weapon in hand) c - a blessed +2 elven arrow (in quiver) d - 15 +0 elven arrows t - a blessed +0 scimitar Armor e - an uncursed +2 elven cloak n - an uncursed +0 orcish helm r - an uncursed +0 dwarvish mithril-coat (being worn) Y - a blessed +1 pair of leather gloves Scrolls g - 3 uncursed scrolls of blank paper l - an uncursed scroll of amnesia x - a blessed scroll of blank paper z - a cursed scroll of blank paper A - a blessed scroll of teleportation C - 2 uncursed scrolls of scare monster H - an uncursed scroll of charging Spellbooks I - an uncursed spellbook of teleport away Potions m - a blessed potion of hallucination o - an uncursed potion of confusion F - an uncursed potion of object detection Rings B - an uncursed ring of stealth Wands u - a wand of slow monster (0:5) Tools s - an uncursed magic whistle D - an uncursed oil lamp (lit) (0:316) Gems q - an uncursed obsidian stone y - an uncursed worthless piece of blue glass J - an uncursed aquamarine stone N - an uncursed agate stone Spells and supernatural/magical abilities: Name Level Category Fail Memory W - pray for help -- divine ? -- Your skills at the end: Fighting Skills Weapon Skills dagger [Basic] bow [Basic] Spellcasting Skills Final Attributes: You were fervently aligned. You were sleep resistant. You had automatic searching. You had infravision. You were stealthy. You are dead. Vanquished creatures: a giant beetle 9 leprechauns a giant spider a lizard 2 dogs a dingo 4 apes a human zombie a bugbear a wood nymph a rock piercer a yellow light a shrieker a gnome lord a gnomish wizard a gray ooze a barrow wight a paper golem a giant ant 2 little dogs a floating eye a dwarf a homunculus 11 hill orcs a centipede 2 orc zombies a werejackal 3 iguanas a killer bee 2 coyotes a hobbit 3 manes 2 hobgoblins 3 giant rats 2 yellow molds a gnome 5 garter snakes 3 geckos 7 jackals 2 foxes a kobold 2 goblins 2 sewer rats 4 grid bugs 3 lichens a kobold zombie 4 newts 103 creatures vanquished. Voluntary challenges: You were vegetarian. You had followed a strict vegan diet until turn 2287. You had been an atheist until turn 3166. You used a wielded weapon 25 times, starting on turn 157. You read items or engraved 1 time, starting on turn 2671. You never genocided any monsters. You never polymorphed an object. You never changed form. You used no wishes. You never split a pudding. You never wrote Elbereth's name. You violated your moral code, losing 25 points of alignment, starting on turn 4017. Dungeon overview: The Dungeons of Doom: levels 1 to 10 Level 1 a long staircase Level 2 Level 3 Level 4 an armor shop, a fountain Level 5 an altar to Mars, some fountains Level 6 Level 7 Level 8 a fountain Level 9 Level 10 <- You were here a fountain, a throne History has recorded: On T:1 you entered the Dungeons of Doom to retrieve the Amulet of Yendor! On T:268 you reached level 2 of The Dungeons of Doom. On T:493 you reached level 3 of The Dungeons of Doom. On T:704 you reached level 4 of The Dungeons of Doom. On T:912 you reached level 5 of The Dungeons of Doom. On T:918 you advanced to experience level 2. On T:1197 you advanced to experience level 3. On T:1315 you reached level 6 of The Dungeons of Doom. On T:1369 you reached level 7 of The Dungeons of Doom. On T:1435 you advanced to experience level 4. On T:1453 you advanced to experience level 5. On T:1676 you advanced to experience level 6. On T:3095 you advanced to experience level 7. On T:3324 you reached level 8 of The Dungeons of Doom. On T:3820 you reached level 9 of The Dungeons of Doom. On T:4100 you reached level 10 of The Dungeons of Doom. Score breakdown: Gold: 3505 (12058 points) Experience: 7 levels (13645 points) Exploration: 10 levels ( 20.00%) (12857 points) Discoveries: 5 items ( 1.72%) ( 3939 points) Valuables value: (no points given unless you survive) Artifact value: 0 ( 0 points) Variety of kills: 47 monsters ( 12.34%) (10536 points) Turncount: 4257 turns (-1116 points) Survival: died (score multiplied by 80%) Total score: 41535 Latest messages: The 2nd elven arrow hits the bugbear! The 3rd elven arrow hits the bugbear! You kill the bugbear! The gnome picks up 2 blessed +2 elven arrows. You shoot 3 elven arrows. The 1st elven arrow hits the gnome! You kill the gnome! The hobgoblin picks up 3 blessed +2 elven arrows. The elven arrow hits the bugbear! You miss the bugbear. The bugbear hits! The hobgoblin hits! The bugbear hits! You begin praying to Mars. The hobgoblin hits! The bugbear picks up a blessed +2 elven arrow. The bugbear hits! You die... Final status: Goodbye Hakan the Ranger, killed by a bugbear, while praying... You died in The Dungeons of Doom on dungeon level 10 with 41535 points, and 3505 pieces of gold, after 4257 moves. You were level 7 with a maximum of 46 hit points when you died.